 Dungeon Crawl Stone Soup version 0.29-a0-323-g050149af67 (webtiles) character file.

Game seed: 8386844629020355731

6703 jt the Cleaver (level 11, -12/60 HPs)
             Began as a Gargoyle Delver on Apr 10, 2022.
             Was a Believer of Trog.
             Killed from afar by a deep elf pyromancer (33 damage)
             ... with a bolt of fire
             ... on level 10 of the Dungeon.
             The game lasted 00:24:48 (7902 turns).

jt the Cleaver (Gargoyle Delver)                    Turns: 7902, Time: 00:24:50

Health: -12/60     AC: 23    Str: 20    XL:     11   Next: 3%
Magic:  11/11      EV: 10    Int: 11    God:    Trog [**....]
Gold:   429        SH: 11    Dex: 11    Spells: 10/10 levels left

rFire   . . .      SeeInvis +   G - +2 flail (vorpal)
rCold   . . .      Faith    .   r - +0 buckler
rNeg    + . .      Spirit   .   H - +0 plate armour
rPois   ∞          Reflect  +   w - +0 helmet
rElec   +          Harm     .   (no cloak)
rCorr   .          Rampage  .   F - +0 pair of gloves
Will    .....                   S - +0 pair of boots
Stlth   ..........              B - amulet of reflection
HPRegen 0.20/turn               E - ring of see invisible
MPRegen 0.12/turn               D - +4 ring of evasion

@: on berserk cooldown, slowed, studying Shields, very slow
A: sickness immunity, AC +8, negative energy resistance 1, electricity
resistance, torment resistance 1, petrification resistance
a: Renounce Religion, Berserk, Trog's Hand


You were on level 10 of the Dungeon.
You worshipped Trog.
Trog was pleased with you.
You visited 2 branches of the dungeon, and saw 11 of its levels.

You collected 501 gold pieces.
You spent 72 gold pieces at shops.

Inventory:

Hand Weapons
 a - a +1 vorpal hand axe
 l - a +0 spear of freezing
 o - a +0 hand crossbow
 z - a +0 hand axe
 C - a +0 hunting sling
 G - a +2 vorpal flail (weapon)
 I - a +1 flail of draining
 K - a +0 mace of holy wrath
 L - a +0 trident
 Q - a +4 mace
Missiles
 b - 181 stones
 j - 3 silver boomerangs
 q - 15 poisoned darts (quivered)
 t - 3 javelins
 N - 2 throwing nets
Armour
 r - a +0 buckler (worn)
 v - a +0 chain mail
 w - a +0 helmet (worn)
 F - a +0 pair of gloves (worn)
 H - a +0 plate armour (worn)
 S - a +0 pair of boots (worn)
Magical Staves
 i - a staff of cold
Jewellery
 y - a ring of positive energy
 B - an amulet of reflection (around neck)
 D - a +4 ring of evasion (right hand)
 E - a ring of see invisible (left hand)
Wands
 g - a wand of digging (4)
 p - a wand of flame (7)
 R - a wand of polymorph (14)
Scrolls
 c - 2 scrolls of fog
 d - 2 scrolls of magic mapping
 e - 3 scrolls of fear
 h - 3 scrolls of vulnerability
 u - a scroll of holy word
 x - 2 scrolls of teleportation
 A - 2 scrolls of enchant weapon
 M - 2 scrolls of torment
 O - 2 scrolls of immolation
Potions
 f - a potion of haste
 k - 2 potions of might
 m - 5 potions of curing
 s - a potion of cancellation {unknown}
 J - a potion of degeneration {unknown}
 P - a potion of flight {unknown}


   Skills:
 - Level 3.2 Fighting
 + Level 11.4 Axes
 - Level 5.0 Armour
 - Level 1.5 Dodging
 - Level 5.4 Stealth
 + Level 11.1 Shields
 - Level 5.0 Evocations


You had 10 spell levels left.
You didn't know any spells.
Your spell library contained the following spells:

 Spells                   Type           Power      Damage    Failure   Level
 Tukima's Dance           Hex            0%         N/A       100%        3
 Anguish                  Hex/Necr       0%         N/A       100%        4
 Animate Dead             Necr           0%         N/A       100%        4
 Borgnjor's Vile Clutch   Necr/Erth      0%         N/A       100%        5
 Death Channel            Necr           0%         N/A       100%        6
 Enfeeble                 Hex            0%         N/A       100%        7


Dungeon Overview and Level Annotations

Branches:
Dungeon (10/15)            Temple (1/1) D:6
   Lair: D:8-11         Orc: D:9-12

Altars:
Ashenzari
Cheibriados
Dithmenos
Elyvilon
Fedhas
Gozag
Hepliaklqana
Kikubaaqudgha
Makhleb
Nemelex Xobeh
Okawaru
Qazlal
Trog
Uskayaw
Vehumet
Wu Jian
Yredelemnul
The Shining One

Shops:
D:4 *   D:9 ![

Annotations:
D:10 Grum


Innate Abilities, Weirdness & Mutations

You are immune to sickness and miasma.
Your stone body is resilient. (AC +8)
You are immune to poison.
You resist negative energy. (rN+)
You are resistant to electric shocks. (rElec)
You are resistant to unholy torment.
You are immune to petrification.


Message History

* * * LOW HITPOINT WARNING * * *
You hear a howl!
You sock the yak!
You kill the yak!
Trog accepts your kill.
Your Shields skill increases to level 11!
Press: ? - help, v - describe, . - travel, g - get item
Here: a deep elf pyromancer, wielding a +0 long sword and wearing a +0 leather armour
Items here: ! $ )) ? [ ††.
The floor, spattered with blood.
You feel a strong urge to attack something.
The deep elf pyromancer closely misses you.
You hit the deep elf pyromancer but do no damage.
You are no longer berserk.
You are exhausted.
You feel yourself slow down.
The deep elf pyromancer hits you but does no damage.
You feel much better.
The deep elf pyromancer hits you but does no damage.
Aiming: Corrosive Bolt
Press: ? - help, Shift-Dir - straight line, f - deep elf pyromancer
Aim: a deep elf pyromancer, wielding a +0 long sword and wearing a +0 leather armour (64% to hit)
The bolt of acid hits the deep elf pyromancer!!
The acid corrodes the deep elf pyromancer!
The deep elf pyromancer is heavily wounded.
The now-empty wand crumbles to dust.
You hear a howl!
The deep elf pyromancer points at you and mumbles some strange words.
The sticky flame hits you.
You are covered in liquid flames!
You block the deep elf pyromancer's attack.
You hear a howl!
You sock the deep elf pyromancer!
The deep elf pyromancer is severely wounded.
You are covered in liquid flames!
You are no longer on fire.
The deep elf pyromancer gestures at you while chanting.
The bolt of fire hits you!!
Ouch! That really hurt!
You die...

.#≈## #... .≈≈≈# #... ##
##≈≈≈≈# #... .#
####≈≈≈≈≈# #...###.#####
#...≈≈≈≈≈####............
#...≈≈≈≈≈............##
≈...≈≈≈≈≈##.......#...#
≈...)≈≈≈≈#.....#.e#...#
≈≈≈#≈≈≈≈≈......#@#☼#
≈≈##≈≈≈≈≈##......#R#
≈#..≈≈≈≈≈##.#.#.##○#
#..##≈≈≈≈##.#...#.y.
#.###.≈≈≈......###..
#.....#≈###.#..# #e..
....>.### #...## g.#.
......#####...# .....
.............##


You could see a deep elf pyromancer (corroded).

Vanquished Creatures
  A two-headed ogre (D:9)
  Erica (D:9)
  An efreet (D:10)
  A meliai (D:10)
  Prince Ribbit (D:8)
  11 yaks
  Edmund (D:4)
  An acid dragon (D:5)
  An orc warrior (D:8)
  3 ice beasts
  A sky beast (D:8)
  2 black bears (D:5)
  2 centaurs
  A kobold brigand (D:8)
  A phantom (D:6)
  A bullfrog (D:8)
  3 scorpions
  9 wights
  10 killer bees
  An electric eel (D:10)
  3 howler monkeys (D:7)
  7 hounds
  2 jellies
  3 orc priests
  2 gnoll shamans
  3 iguanas
  5 orc wizards
  8 gnolls
  6 adders
  A shadow imp (D:8)
  A white imp (D:5)
  A worm (D:4)
  3 dart slugs
  24 orcs
  2 bats
  4 endoplasms
  2 giant cockroaches
  4 hobgoblins
  7 kobolds
  2 quokkas
  9 ball pythons
  A frilled lizard (D:1)
  7 goblins
  3 rats
163 creatures vanquished.

Notes
Turn   | Place    | Note
-------+----------+-------------------------------------------
     0 | D:5      | jt the Gargoyle Delver began the quest for the Orb.
     0 | D:5      | Reached XP level 1. HP: 14/14 MP: 1/1
   128 | D:4      | Noticed a jelly
   279 | D:4      | Noticed an iguana
   280 | D:4      | Killed an iguana
   281 | D:4      | Reached skill level 1 in Evocations
   281 | D:4      | Reached XP level 2. HP: 19/19 MP: 2/2
   281 | D:4      | Reached XP level 3. HP: 23/23 MP: 3/3
   281 | D:4      | Found a bloodstained altar of Trog.
   295 | D:4      | Reached XP level 4. HP: 10/28 MP: 4/4
   572 | D:4      | Became a worshipper of Trog the Wrathful
   787 | D:4      | Found Wisae's Neck Hole.
  1141 | D:2      | Reached XP level 5. HP: 30/32 MP: 5/5
  1902 | D:4      | Reached skill level 1 in Armour
  2153 | D:4      | Noticed Edmund
  2162 | D:4      | Killed Edmund
  2163 | D:4      | Reached skill level 1 in Shields
  2163 | D:4      | Reached XP level 6. HP: 12/37 MP: 6/6
  2409 | D:4      | Reached * piety under Trog
  2836 | D:5      | Reached XP level 7. HP: 39/41 MP: 7/7
  3220 | D:5      | Reached XP level 8. HP: 46/46 MP: 8/8
  3423 | D:6      | Noticed a yak
  3423 | D:6      | Noticed a yak
  3441 | D:6      | Reached skill level 5 in Axes
  3449 | D:6      | Killed a yak
  3452 | D:6      | Noticed a yak
  3452 | D:6      | Noticed a yak
  3466 | D:6      | Killed a yak
  3467 | D:6      | Reached skill level 5 in Evocations
  3479 | D:6      | Killed a yak
  3480 | D:6      | Reached skill level 5 in Armour
  3480 | D:6      | Reached skill level 5 in Shields
  3484 | D:6      | Killed a yak
  3485 | D:6      | Reached XP level 9. HP: 24/51 MP: 9/9
  3664 | D:6      | Found a staircase to the Ecumenical Temple.
  3958 | Temple   | Entered the Ecumenical Temple
  4181 | D:6      | Reached ** piety under Trog
  4426 | D:6      | Found a glowing golden altar of the Shining One.
  4495 | D:6      | Found a snail-covered altar of Cheibriados.
  5575 | D:7      | Found an opulent altar of Gozag.
  6147 | D:8      | Noticed Prince Ribbit
  6165 | D:8      | Killed Prince Ribbit
  6166 | D:8      | Reached XP level 10. HP: 41/56 MP: 10/10
  6255 | D:8      | Found an opulent altar of Gozag.
  6290 | D:8      | Found a sparkling altar of Nemelex Xobeh.
  6360 | D:8      | Found an iron altar of Okawaru.
  6468 | D:8      | Reached skill level 10 in Axes
  6477 | D:8      | Identified a scroll of acquirement
  6480 | D:8      | Acquired a manual of Shields
  6794 | D:8      | Found a white marble altar of Elyvilon.
  6868 | D:8      | Found a basalt altar of Yredelemnul.
  6975 | D:9      | Found Qeajiepo's Distillery.
  7019 | D:9      | Noticed a two-headed ogre
  7036 | D:9      | Killed a two-headed ogre
  7325 | D:9      | Found Vidajav's Armour Boutique.
  7345 | D:9      | Bought a +0 pair of boots for 72 gold pieces
  7419 | D:9      | Noticed Erica
  7436 | D:9      | Killed Erica
  7697 | D:10     | Entered Level 10 of the Dungeon
  7768 | D:10     | Reached skill level 10 in Shields
  7847 | D:10     | Noticed a deep elf pyromancer
  7875 | D:10     | Noticed Grum
  7893 | D:10     | Reached XP level 11. HP: 27/60 MP: 11/11
  7902 | D:10     | Killed from afar by a deep elf pyromancer

Illustrated notes

Levels and vault maps discovered:
D:1:      dpeg_arrival_round_c, layout_loops_corners,
          chequers_ecumenical_altar_simple
D:2:      layout_basic, minivault_5, hangedman_decor_push, moated_statue,
          minmay_misc_feat_encased, hangedman_glass_teeth
D:3:      layout_basic
D:4:      layout_rooms, trog_three_pillars_becter, grunt_ministairs_13,
          nicolae_shop_sticking_my_neck_out, uniq_edmund
D:5:      minmay_chambers_of_threes, layout_gridville
D:6:      layout_basic, tso_oasis_becter, mainiacjoe_overflow_alcove_1,
          minmay_temple_entry_sparse_star
D:7:      layout_cave_pods, pdpol_temple_overflow_zin_treasury_gozag_greed,
          minmay_tree_intersection, hangedman_abyss_or_decor_jellyfish_corner
D:8:      layout_rooms, kennysheep_ying_yang,
          mainiacjoe_overflow_concentric_impassable, kennysheep_little_box,
          grunt_ministairs_2, kennysheep_flooded_box, hex_tiny,
          nicolae_figureground_pulse, uniq_prince_ribbit1
D:9:      layout_stronghold, kennysheep_orc_sif_temple, serial_shops,
          nicolae_shop_stone, shop, kennysheep_mini_moat,
          chequers_hall_statues_y, uniq_erica
D:10:     minmay_the_grid_four_pointed_star_mashed
          [minmay_the_grid_triangle_9x9_swiss_cheese,
          minmay_the_grid_triangle_9x9_stretched_checkered,
          minmay_the_grid_triangle_9x9_pentomino_pain,
          minmay_the_grid_triangle_9x9_minimal,
          minmay_the_grid_prize_four_corners], layout_basic,
          jmf_multi_god_temple2, dpeg_oklobed_lair, hiddenorc2_lemuel,
          grunt_ministairs_14, kennysheep_generic_room_9, uniq_grum
Temple:   jpeg_temple_alley_garden

Skill      XL: |  1  2  3  4  5  6  7  8  9 10 11 |
---------------+----------------------------------+-----
Axes           | 2 3 4 5 9 11 | 11.4
Evocations     | 1 2 3 4 5 |  5.0
Armour         | 2 3 5 |  5.0
Shields        | 1 2 3 5 6 10 11 | 11.1
Fighting       | |  3.2
Dodging        | |  1.5
Stealth        | |  5.4

Action                   |  1- 3 |  4- 6 |  7- 9 | 10-12 || total
-------------------------+-------+-------+-------+-------++-------
Melee: Hand axe          |     8 |   190 |   374 |   161 ||   733
       Punch             |       |     3 |       |       ||     3
       Flail             |       |    17 |       |    44 ||    61
 Fire: Hunting sling     |       |     3 |       |       ||     3
Throw: Dart              |       |       |     4 |     7 ||    11
       Stone             |       |       |     1 |     2 ||     3
Invok: Berserk           |       |       |     7 |     4 ||    11
       Trog's Hand       |       |       |     1 |     1 ||     2
Evoke: Wand              |     2 |     2 |     3 |     4 ||    11
  Use: Potion            |       |     1 |     4 |     2 ||     7
       Scroll            |       |     1 |     6 |     3 ||    10
 Stab: Sleeping          |       |     2 |       |       ||     2
Armor: Leather armour    |     4 |    10 |       |       ||    14
       Chain mail        |       |    47 |       |       ||    47
       Scale mail        |       |     2 |       |       ||     2
       Plate armour      |       |    44 |   257 |    65 ||   366
       Skin              |       |       |     3 |       ||     3
Dodge: Dodged            |     8 |    63 |   117 |    47 ||   235
Block: Buckler           |       |    45 |   225 |    62 ||   332
       Reflection        |       |     2 |     3 |     1 ||     6

Table legend: (Time is in decaauts)
 A = Elapsed time spent in this place.
 B = Non-inter-level travel time spent in this place.
 C = Inter-level travel time spent in this place.
 D = Time resting spent in this place.
 E = Time spent auto-exploring this place.
 F = Levels seen in this place.
 G = Mean time per level.
                   A        B        C        D        E       F      G
               +--------+--------+--------+--------+--------+-----+--------+
         Total |   8010 |   7514 |    496 |   2869 |    447 |  11 |  728.2 |
       Dungeon |   7858 |   7428 |    430 |   2869 |    447 |  10 |  785.8 |
        Temple |    151 |     85 |     66 |      0 |      0 |   1 |  151.0 |
               +--------+--------+--------+--------+--------+-----+--------+

Top non-repeatable levels by time:
     D:5: 1362 daAuts
     D:4: 1341 daAuts
     D:6: 1306 daAuts
     D:8: 1029 daAuts
     D:9: 785 daAuts
     D:7: 705 daAuts
     D:3: 609 daAuts
     D:2: 399 daAuts
    D:10: 172 daAuts
  Temple: 151 daAuts
     D:1: 145 daAuts
